 Dungeon Crawl Stone Soup version 0.20.1-1-g8b1a95d (webtiles) character file.

429 ron32 the Covert (level 6, -13/30 HPs)
             Began as a Vine Stalker Assassin on Aug 11, 2017.
             Shot with an arrow by a centaur (14 damage)
             ... on level 3 of the Dungeon.
             The game lasted 00:11:25 (3263 turns).

ron32 the Covert (Vine Stalker Assassin)            Turns: 3263, Time: 00:11:26

Health: -13/30     AC:  3    Str: 13    XL:     6   Next: 98%
Magic:  0/7        EV: 15    Int: 11    God:
Gold:   307        SH:  0    Dex: 18    Spells: 5/5 levels left

rFire    . . .     SeeInvis .   b - +0 blowgun
rCold    . . .     Gourm    .   (no shield)
rNeg     . . .     Faith    .   o - +1 robe (curse)
rPois    .         Spirit   +   (no helmet)
rElec    .         Reflect  .   j - scarf {repulsion}
rCorr    .         Harm     .   (no gloves)
MR       .....                  (no boots)
Stlth    ++++......             n - amulet of guardian spirit
Regen    0.5/turn               (no ring)
MPRegen  0.1/turn               (no ring)

@: repel missiles
A: fangs 2, regeneration 1, magic shield, antimagic bite, no potion heal 3, rot
immunity
a: no special abilities


You were on level 3 of the Dungeon.
You were hungry.

You visited 1 branch of the dungeon, and saw 3 of its levels.

You collected 307 gold pieces.

Inventory:

Hand Weapons
 a - a +2 dagger
 b - a +0 blowgun (weapon)
 y - a +0 hunting sling
 E - a +0 dagger
Missiles
 e - 7 poisoned needles (quivered)
 f - 2 curare-tipped needles
 m - 2 tomahawks of returning
 x - 32 bolts
 A - 138 stones
Armour
 c - a +0 robe
 d - a +0 cloak
 j - a scarf of repulsion (worn)
 o - a cursed +1 robe (worn)
Jewellery
 n - an amulet of guardian spirit (around neck)
Wands
 B - a wand of polymorph (7/24)
Scrolls
 q - 2 scrolls of noise
 r - 2 scrolls of identify
 s - 3 scrolls of teleportation {unknown}
 t - 2 scrolls of enchant weapon {unknown}
 w - 2 scrolls of remove curse {unknown}
 C - a scroll of fog {unknown}
 D - a scroll of fear {unknown}
Potions
 h - 4 potions of curing
 i - a potion of heal wounds {unknown}
 k - a potion of berserk rage {unknown}
 u - a potion of resistance {unknown}
 v - 2 potions of mutation {unknown}
 z - a potion of lignification {unknown}
Comestibles
 g - 4 bread rations
 l - 4 fruits
 p - 3 meat rations


   Skills:
 - Level 1.7 Fighting
 - Level 1.7 Short Blades
 - Level 1.7 Throwing
 + Level 4.1 Dodging
 - Level 8.0 Stealth


You had 5 spell levels left.
You didn't know any spells.

Dungeon Overview and Level Annotations

Branches:
Dungeon (3/15)

Altars:
Trog


Innate Abilities, Weirdness & Mutations

You have extremely sharp teeth.
Your natural rate of healing is unusually fast.
When hurt, damage is shared between your health and your magic reserves.
Your bite disrupts and absorbs the magic of your enemies.
Potions cannot restore your health.
You are immune to rotting.


Message History

The centaur hits you!
* * * LOW HITPOINT WARNING * * *
b - a +0 blowgun (weapon)
The centaur hits you but does no damage.
Firing (i - inventory. (,) - cycle):
e - 8 poisoned needles (quivered)
Press: ? - help, Shift-Dir - straight line, f - centaur
Aim: a centaur (severely wounded)
You shoot a poisoned needle. The poisoned needle hits the centaur.
The centaur is poisoned.
The centaur is severely wounded.
The centaur hits you!
* * * LOW HITPOINT WARNING * * *
The centaur closely misses you.
The centaur wields a shortbow.
The centaur shoots an arrow.
The arrow completely misses you.
The centaur shoots an arrow.
The arrow hits you.
* * * LOW HITPOINT WARNING * * *
You see here an arrow.
The centaur shoots an arrow.
The arrow hits you!
You die...

#.#.#.#.#..#.....####
#.#.#.#.#...........######
#.#.#.#.#................#
#...................####.#
#####.####.......#### #.# #รท#
#####.### #.# #.# #.# #.#
###.########'## #.#
#........##(@.## #.#
#.#.####.#..((.## #.######
#.....##........## ##.##...#
##.....##........c####.....#.#
#.......'.........'...........
##....###.........####......##
#...## #........## ##.#.###
#.#.####.#.....## ###.#
#........##...## #.#


You could see a centaur.

Vanquished Creatures
  Sigmund (D:2)
  An orc priest (D:3)
  Natasha (thrice) (D:2)
  Robin (D:3)
  5 adders
  6 dart slugs
  A leopard gecko (D:3)
  9 orcs
  2 bat skeletons (D:2)
  A bat zombie (D:2)
  3 giant cockroaches
  20 goblins
  5 hobgoblins
  4 jackals
  4 quokkas
  3 bats
  4 frilled lizards
  A jackal skeleton (D:2)
  13 kobolds
  A leopard gecko skeleton (D:2)
  6 rats
94 creatures vanquished.

Notes
Turn   | Place    | Note
-------+----------+-------------------------------------------
     0 | D:1      | ron32 the Vine Stalker Assassin began the quest for the Orb.
     0 | D:1      | Reached XP level 1. HP: 11/11 MP: 2/2
   437 | D:1      | Reached skill level 1 in Dodging
   458 | D:1      | Reached skill level 5 in Stealth
   535 | D:1      | Reached XP level 2. HP: 13/15 MP: 3/3
  1051 | D:2      | Noticed Natasha
  1059 | D:2      | Killed Natasha
  1059 | D:2      | Reached skill level 6 in Stealth
  1059 | D:2      | Reached XP level 3. HP: 14/18 MP: 4/4
  1107 | D:2      | Found a bloodstained altar of Trog.
  1122 | D:2      | Noticed Sigmund
  1131 | D:2      | Killed Sigmund
  1131 | D:2      | Reached skill level 7 in Stealth
  1131 | D:2      | Gained mutation: Your natural rate of healing is unusually fast. [Vine Stalker growth]
  1131 | D:2      | Reached XP level 4. HP: 9/23 MP: 2/5
  1131 | D:2      | Reached XP level 5. HP: 10/26 MP: 2/6
  1188 | D:2      | Reached XP level 6. HP: 27/30 MP: 7/7
  1304 | D:2      | Reached skill level 8 in Stealth
  1359 | D:2      | Noticed Natasha
  1373 | D:2      | Killed Natasha
  2256 | D:3      | Noticed Robin
  2377 | D:3      | Killed Robin
  3052 | D:2      | Noticed Natasha
  3064 | D:2      | Killed Natasha
  3262 | D:3      | HP: 1/30 [centaur/arrow (4)]
  3263 | D:3      | Shot with an arrow by a centaur

Skill      XL: |  1  2  3  4  5  6 |
---------------+-------------------+-----
Dodging        | 1 2 4 |  4.1
Stealth        | 5 6 7 8 |  8.0
Fighting       | |  1.7
Short Blades   | |  1.7
Throwing       | |  1.7

Action                   |  1- 3 |  4- 6 || total
-------------------------+-------+-------++-------
Melee: Dagger            |    53 |   150 ||   203
       Bite              |     9 |    48 ||    57
 Fire: Hunting sling     |       |   106 ||   106
       Blowgun           |       |     1 ||     1
  Use: Scroll            |     4 |     1 ||     5
 Stab: Sleeping          |     8 |    14 ||    22
  Eat: Chunk             |       |     7 ||     7
Armor: Robe              |     4 |    32 ||    36
Dodge: Dodged            |    22 |   137 ||   159
